 Dungeon Crawl Stone Soup version 0.28-a0-8-g6e044cfa68 (webtiles) character file.

Game seed: 1916938549435670184

14 Spectrina the Magician (level 2, 0/21 HPs)
             Began as a Djinni Necromancer on July 24, 2021.
             Slain by a giant cockroach (1 damage)
             ... on level 2 of the Dungeon.
             The game lasted 00:02:19 (233 turns).

Spectrina the Magician (Djinni Necromancer)          Turns: 233, Time: 00:02:20

Health: 0/21       AC:  2    Str:  7    XL:     2   Next: 55%
Gold:   0          EV: 12    Int: 16    God:
                   SH:  0    Dex: 13

rFire   + + .      SeeInvis .   (no weapon)
rCold   x . .      Faith    .   (no shield)
rNeg    . . .      Spirit   .   a - +0 robe
rPois   ∞          Reflect  .   (no helmet)
rElec   .          Harm     .   (no cloak)
rCorr   .          Rampage  .   (no gloves)
Will    .....                   (boots unavailable)
Stlth   ++........              (no amulet)
HPRegen 0.07/turn               (no ring)
MPRegen 0.00/turn               (no ring)

@: flying
A: sickness immunity, fire resistance 2, cold vulnerability 1, float, innate
caster, hp casting, extra vitality 1
a: no special abilities


You were on level 2 of the Dungeon.
You visited 1 branch of the dungeon, and saw 2 of its levels.

Inventory:

Missiles
 b - 39 stones
 c - 22 poisoned darts (quivered)
Armour
 a - a +0 robe (worn)
Scrolls
 d - a scroll of acquirement {unknown}
Potions
 e - a potion of curing {unknown}


   Skills:
 - Level 2.1 Dodging
 - Level 1.5 Stealth
 + Level 3.7 Spellcasting


You couldn't memorise any spells.
You knew the following spells:

 Your Spells              Type           Power      Damage    Failure   Level
a - Pain                  Necr           56%        1d6       3%          1
k - Agony                 Necr           14%        N/A       71%         5
l - Vampiric Draining     Necr           7%         2d7       11%         3
m - Animate Skeleton      Necr           28%        N/A       3%          1
n - Animate Dead          Necr           7%         N/A       36%         4
Your spell library was empty.

Dungeon Overview and Level Annotations

Branches:
Dungeon (2/15)

Altars:

Shops:
D:1 !


Innate Abilities, Weirdness & Mutations

You are immune to sickness and miasma.
You are immune to poison.
Your flesh is very heat resistant. (rF++)
You are vulnerable to cold. (rC-)
You float through the air rather than walking.
You learn spells naturally, not from books.
Your magical power is your life essence.
You have superior vitality. (+4 HP)


Message History

Found 11 gold pieces.
Unknown command.
Found a stone staircase leading down.
Unknown command.
A rat comes into view.
There is a stone staircase leading down here.
You fly downwards.
A ball python, a goblin and a kobold come into view.
Found a plate armour and 10 gold pieces.
Found a stone staircase leading down.
There is a stone staircase leading up here.
Unknown command.
The goblin shouts!
Unknown command.
Found 26 arrows.
Casting: Pain (safe; 3% risk of failure)
Confirm with . or Enter, or press ? or * to list all spells.
You can't see any susceptible monsters within range! (Use Z to cast anyway.)
A giant cockroach comes into view.
Casting: Pain (safe; 3% risk of failure)
Confirm with . or Enter, or press ? or * to list all spells.
Aiming: Pain (safe; 3% risk of failure)
Press: ? - help, Shift-Dir - straight line, f - giant cockroach
Aim: a giant cockroach (chance to affect: 85%)
The giant cockroach barely resists.
* * * LOW HITPOINT WARNING * * *
Unknown command.
Throw: 24 darts (poison)
Press: ? - help, Q - select action, (/) - cycle Shift-Dir - straight line, f/p - giant cockroach
Aim: a giant cockroach (56% to hit)
You throw a poisoned dart.
The poisoned dart closely misses the giant cockroach.
The giant cockroach closely misses you.
Throw: 23 darts (poison)
Press: ? - help, Q - select action, (/) - cycle Shift-Dir - straight line, f/p - giant cockroach
Aim: a giant cockroach (56% to hit)
You throw a poisoned dart.
The poisoned dart closely misses the giant cockroach.
The giant cockroach bites you.
You die...

. .. ...
....
.....####
#...B.#
#@# #.#
#.# #.# #
#K# #.
#.#
#.##g#
#.#.# ##
#..####


You could see a giant cockroach, a goblin and a kobold.

Vanquished Creatures
  A gnoll (D:1)
  A ball python (D:1)
  A goblin (D:1)
  A rat (D:1)
4 creatures vanquished.

Notes
Turn   | Place    | Note
-------+----------+-------------------------------------------
     0 | D:1      | Spectrina the Djinni Necromancer began the quest for the
                  | Orb.
     0 | D:1      | Reached XP level 1. HP: 15/15 MP: 0/0
   101 | D:1      | Reached XP level 2. HP: 1/21 MP: 0/0
   174 | D:1      | Found Puek's Distillery.
   233 | D:2      | Slain by a giant cockroach

Illustrated notes

Levels and vault maps discovered:
D:1:      minmay_arrival_shattered_statue, layout_loops_ring,
          basic_ecumenical_altar, serial_shops, shop
D:2:      minmay_general_purpose_star, layout_loops_ring

Action                   || total
-------------------------++-------
Melee: Unarmed           ||     4
Throw: Dart              ||     3
 Cast: Pain              ||    11
Dodge: Dodged            ||     9

Table legend: (Time is in decaauts)
 A = Elapsed time spent in this place.
 B = Non-inter-level travel time spent in this place.
 C = Inter-level travel time spent in this place.
 D = Time resting spent in this place.
 E = Time spent auto-exploring this place.
 F = Levels seen in this place.
 G = Mean time per level.
                   A        B        C        D        E       F      G
               +--------+--------+--------+--------+--------+-----+--------+
         Total |    232 |    232 |      0 |      0 |     42 |   2 |  116.0 |
       Dungeon |    232 |    232 |      0 |      0 |     42 |   2 |  116.0 |
               +--------+--------+--------+--------+--------+-----+--------+

Top non-repeatable levels by time:
     D:1: 210 daAuts
     D:2: 22 daAuts
